 Dungeon Crawl Stone Soup version 0.30-a0-313-gae38170b09 (webtiles) character file.

Game seed: 1236129053557838761

2 Elric the Ducker (level 1, -1/16 HPs)
             Began as a Demonspawn Gladiator on Oct 26, 2022.
             Slain by a goblin
             ... wielding a +0 club
              (4 damage)
             ... on level 1 of the Dungeon.
             The game lasted 00:00:14 (115 turns).

Elric the Ducker (Demonspawn Gladiator)              Turns: 115, Time: 00:00:15

Health: -1/16      AC:  4    Str: 14    XL:     1   Next: 25%
Magic:  1/1        EV: 12    Int:  9    God:
Gold:   12         SH:  0    Dex: 14    Spells: 0/0 levels left

rFire   . . .      SeeInvis .    a - +0 war axe
rCold   . . .      Faith    .    (no shield)
rNeg    . . .      Spirit   .    b - +0 leather armour
rPois   .          Reflect  .    c - +0 helmet
rElec   .          Harm     .    (no cloak)
rCorr   .          Rampage  .    (no gloves)
Will    .....                    (no boots)
Stlth   +.........               (no amulet)
HPRegen 0.22/turn                (no ring)
MPRegen 0.07/turn                (no ring)

@: lethally poisoned (-1 -> -3)
A: no striking features
a: no special abilities


You were on level 1 of the Dungeon.
You visited 1 branch of the dungeon, and saw 1 of its levels.

You collected 12 gold pieces.

Inventory:

Hand Weapons
 a - a +0 war axe (weapon)
Missiles
 d - 3 throwing nets (quivered)
 e - a javelin
Armour
 b - a +0 leather armour (worn)
 c - a +0 helmet (worn)
Potions
 f - a potion of curing {unknown}
 g - a potion of haste {unknown}


   Skills:
 + Level 2.0 Fighting
 + Level 2.7 Axes
 + Level 1.8 Throwing
 + Level 2.7 Dodging


You couldn't memorise any spells.
You didn't know any spells.
Your spell library was empty.

Dungeon Overview and Level Annotations

Branches:
Dungeon (1/15)

Altars:


Message History

You hit the goblin.
You kill the goblin!
No target in view!
No target in view!
You see here a +0 dagger.
Found a chain mail.
You now have 12 gold pieces.
f - a black potion
g - a metallic red potion A goblin comes into view.
It is wielding a +0 dagger of venom.
Found a scroll labelled ILAC TU VIA.
The goblin shouts!
A goblin is nearby!
A goblin is nearby!
You closely miss the goblin. The goblin hits you but does no damage.
You are poisoned.
You hit the goblin.
The goblin is moderately wounded.
You feel very sick.
The goblin hits you with a +0 dagger of venom.
A goblin comes into view. It is wielding a +0 club.
The goblin closely misses you.
You barely miss the goblin.
The goblin is moderately wounded.
You feel sick.
The goblin shouts!
The goblin closely misses you.
You slash the goblin!
You kill the goblin!
You feel sick.
You are too injured to fight recklessly!
You are too injured to fight recklessly!
You are too injured to fight recklessly!
You feel sick.
Things that are here:
a +0 dagger of venom; a goblin corpse You barely miss the goblin.
You feel sick. The goblin hits you with a +0 club.
* * * LOW HITPOINT WARNING * * *
The goblin hits you with a +0 club.
You die...

.....########...#
............+...+
..........###...##
#########.#.+....#
# #...#....# #
#.#.#....# #
#.#..#.#.# #
#.#....#.# #
#.##.###@# #
#.##....g# #####
#.######...#
....### #.# #...#
#.#...# .?...
#.....# ###...
####..## ...#
#<.###.## .#..
##...##.##


You could see a goblin.

Vanquished Creatures
  2 goblins (D:1)
2 creatures vanquished.

Notes
Turn   | Place    | Note
-------+----------+-------------------------------------------
     0 | D:1      | Elric the Demonspawn Gladiator began the quest for the Orb.
     0 | D:1      | Reached XP level 1. HP: 16/16 MP: 1/1
   115 | D:1      | Slain by a goblin

Illustrated notes

Levels and vault maps discovered:
D:1:      nagdon_arrival_double_spiral, layout_basic

Action                   || total
-------------------------++-------
Melee: War axe           ||    11
Armor: Leather armour    ||     2
Dodge: Dodged            ||     8

Table legend: (Time is in decaauts)
 A = Elapsed time spent in this place.
 B = Non-inter-level travel time spent in this place.
 C = Inter-level travel time spent in this place.
 D = Time resting spent in this place.
 E = Time spent auto-exploring this place.
 F = Levels seen in this place.
 G = Mean time per level.
                   A        B        C        D        E       F      G
               +--------+--------+--------+--------+--------+-----+--------+
         Total |    118 |    118 |      0 |      0 |     94 |   1 |  118.0 |
       Dungeon |    118 |    118 |      0 |      0 |     94 |   1 |  118.0 |
               +--------+--------+--------+--------+--------+-----+--------+

Top non-repeatable levels by time:
     D:1: 118 daAuts
